 Dungeon Crawl Stone Soup version 0.31-a0-182-gc5ef74bbde (webtiles) character file.

Game seed: 8204621929977507108

165 qw the Chopper (level 5, -1/32 HPs)
             Began as a Gargoyle Fighter on June 21, 2023.
             Killed from afar by an orc wizard (5 damage)
             ... with a magic dart
             ... on level 3 of the Dungeon.
             The game lasted 00:01:31 (2132 turns).

qw the Chopper (Gargoyle Fighter)                   Turns: 2132, Time: 00:01:32

Health: -1/32      AC: 10    Str: 22    XL:     5   Next: 46%
Magic:  5/5        EV:  8    Int:  8    God:
Gold:   130        SH: 10    Dex:  9    Spells: 4/4 levels left

rFire   . . .        Y - +0 war axe
rCold   . . .        a - +2 kite shield
rNeg    + . .        b - +0 scale mail
rPois   inf          (no helmet)
rElec   +            (no cloak)
rCorr   .            (no gloves)
SInv    .            (no boots)
Will    .....        (no amulet) Stlth
                     (no ring)
HPRegen 0.25/turn    (no ring)
MPRegen 0.09/turn

%: no passive effects
@: no status effects
A: sickness immunity, AC +4, negative energy resistance 1, electricity
resistance, torment resistance 1, petrification resistance
a: no special abilities


You were on level 3 of the Dungeon.
You visited 1 branch of the dungeon, and saw 3 of its levels.

You collected 130 gold pieces.


Innate Abilities, Weirdness & Mutations

You are immune to sickness and miasma.
Your stone body is resilient. (AC +4)
You are immune to poison.
You resist negative energy. (rN+)
You are resistant to electric shocks. (rElec)
You are resistant to unholy torment.
You are immune to petrification.


   Skills:
 - Level 3.2 Fighting
 - Level 4.8 Axes
 - Level 3.2 Armour
 + Level 3.7 Shields


You had 4 spell levels left.
You didn't know any spells.
Your spell library was empty.

Inventory:

Hand Weapons
 j - a +0 mace
 Y - a +0 war axe (weapon)
Armour
 a - a +2 kite shield (worn)
 b - a +0 scale mail (worn)
Potions
 c - a potion of lignification {unknown}
 d - a potion of might
 e - a potion of enlightenment {unknown}
 g - a potion of invisibility {unknown}
 h - a potion of attraction {unknown}
 i - a potion of cancellation {unknown}

Dungeon Overview and Level Annotations

Branches:
Dungeon (3/15)

Altars:


Message History

The magic dart hits you.
You completely miss something.
Something hits you but does no damage. x2
You hear some strange, mumbled words.
A puff of flame appears from out of thin air!
The puff of flame hits you. Something hits you.
You hear some strange, mumbled words.
Something tries to affect you, but you resist.
You miss something.
You feel less confused. Something hits you but does no damage.
You hit something but do no damage. Something hits you but does no damage.
You closely miss something. Something hits you.
Something hits you but does no damage.
You closely miss something. You block something's attack.
You completely miss something. You block something's attack.
Something hits you.
You hit something. You block something's attack.
You miss something. Something hits you.
You hit something. Something hits you. You block something's attack.
You closely miss something. Something hits you but does no damage.
You miss something. Something hits you but does no damage.
You miss something.
Something hits you but does no damage. x2
You completely miss something. Something hits you but does no damage.
You miss something. Something hits you but does no damage.
You hear some strange, mumbled words.
A magic dart appears from out of thin air!
The magic dart hits you.
You die...

....#.#######.....##.#
....#.##...##.....##.#
....#.##...##.....##.#
....#..#...##.....##.########
....##.'...+..#####..........
....####...##.....'..........
##### ###..#.#####..........
#####.#..{..###########
####.....#...@.#
##....)#..#..#####
##..###.#..#......#
########## #
##..##...#.##.####)#
#........##. #..##...##.#..#
#.# #........o..
#.##....#..#.## #.#
#........).. #.#....##.##.##
#.# ###$.).. ..#...## . #..##
#.#######....... ....###..
##..# #.......o...####


There were no monsters in sight!

Vanquished Creatures
  Natasha (thrice) (D:2)
  An adder (D:2)
  A worm (D:2)
  2 dart slugs (D:2)
  3 orcs (D:3)
  10 bats
  8 endoplasms
  3 giant cockroaches
  9 goblins
  5 hobgoblins
  3 jackals (D:1)
  3 quokkas (D:1)
  5 ball pythons
  2 frilled lizards (D:1)
  3 kobolds
  5 rats
66 creatures vanquished.

Notes
Turn   | Place    | Note
-------+----------+-------------------------------------------
     0 | D:1      | qw the Gargoyle Fighter began the quest for the Orb.
     0 | D:1      | Reached XP level 1. HP: 14/14 MP: 1/1
     0 | D:1      | 0 ||| qw: Version: 0.3-a-9-g12657ce
     0 | D:1      | 0 ||| qw: Game counter: 1634
     0 | D:1      | 0 ||| qw: Always use a shield: true
     0 | D:1      | 0 ||| qw: God list: Okawaru
     0 | D:1      | 0 ||| qw: Allow faded altars: false
     0 | D:1      | 0 ||| qw: Do Orc after D:15 true
     0 | D:1      | 0 ||| qw: Do second Lair branch before Depths: true
     0 | D:1      | 0 ||| qw: Lair rune preference: random
     0 | D:1      | 0 ||| qw: Plans: Normal, Zot:1-4, Slime:5, God:TSO, Crypt,
                  | Tomb, Abyss, Pan, Hells, Win
     0 | D:1      | 0 ||| PLANNING D:1-11
    18 | D:1      | Reached skill level 2 in Axes
   139 | D:1      | Reached XP level 2. HP: 19/19 MP: 2/2
   157 | D:1      | 157 ||| Stepping ~*~*~tactically~*~*~ (stealth).
   158 | D:1      | 158 ||| Stepping ~*~*~tactically~*~*~ (stealth).
   180 | D:1      | 180 ||| Stepping ~*~*~tactically~*~*~ (stealth).
   183 | D:1      | 183 ||| Stepping ~*~*~tactically~*~*~ (stealth).
   451 | D:1      | Reached skill level 3 in Axes
   514 | D:1      | Reached XP level 3. HP: 23/23 MP: 3/3
   647 | D:1      | 647 ||| READING scroll labelled GAXZAIL PYAS.
   648 | D:1      | 648 ||| READING scroll labelled ZAWOACWOEL.
   649 | D:1      | 649 ||| READING scroll labelled OSANEHUGALO.
   700 | D:2      | Noticed Natasha
   701 | D:2      | 701 ||| Stepping ~*~*~tactically~*~*~ (hiding).
   706 | D:2      | HP: 5/23 [Natasha/magic dart (2)]
   712 | D:2      | Killed Natasha
   853 | D:2      | Reached XP level 4. HP: 24/28 MP: 4/4
   910 | D:2      | Reached skill level 4 in Axes
   912 | D:2      | Noticed Natasha
   913 | D:2      | 913 ||| Stepping ~*~*~tactically~*~*~ (stealth).
   927 | D:2      | Killed Natasha
   972 | D:2      | 972 ||| Stepping ~*~*~tactically~*~*~ (hiding).
   974 | D:2      | 974 ||| Stepping ~*~*~tactically~*~*~ (hiding).
   975 | D:2      | 975 ||| Stepping ~*~*~tactically~*~*~ (hiding).
  1052 | D:2      | 1052 ||| DROPPING +0 whip.
  1053 | D:2      | Noticed Natasha
  1068 | D:2      | Killed Natasha
  1069 | D:2      | Reached XP level 5. HP: 13/32 MP: 5/5
  1712 | D:2      | 1712 ||| UPGRADING to +2 kite shield.
  1722 | D:2      | 1722 ||| DROPPING +0 buckler.
  1723 | D:2      | 1723 ||| READING scroll labelled XASHESTICH.
  1724 | D:2      | 1724 ||| READING scroll labelled AGRUMMOJOHE.
  1749 | D:3      | 1749 ||| Stepping ~*~*~tactically~*~*~ (stealth).
  1753 | D:3      | 1753 ||| Stepping ~*~*~tactically~*~*~ (stealth).
  2069 | D:3      | 2069 ||| FLEEEEING.
  2070 | D:3      | 2070 ||| FLEEEEING.
  2071 | D:3      | 2071 ||| FLEEEEING.
  2072 | D:3      | 2072 ||| FLEEEEING.
  2073 | D:3      | 2073 ||| FLEEEEING.
  2077 | D:3      | 2077 ||| FLEEEEING.
  2078 | D:3      | 2078 ||| FLEEEEING.
  2079 | D:3      | 2079 ||| FLEEEEING.
  2080 | D:3      | 2080 ||| FLEEEEING.
  2118 | D:3      | HP: 6/32 [something (3)]
  2124 | D:3      | HP: 4/32 [something (3)]
  2132 | D:3      | Killed from afar by an orc wizard

Levels and vault maps discovered:
D:1:      lightli_arrival_statue_moat, layout_rooms
D:2:      layout_basic, due_unseen_surprise, uniq_natasha
D:3:      minmay_evil_eye, layout_basic, chequers_ecumenical_altar_simple_redux

Skill      XL: |  1  2  3  4 |
---------------+-------------+-----
Axes           | 2 3 4 |  4.8
Fighting       | |  3.2
Armour         | |  3.2
Shields        | |  3.7

Action                     |  1- 3 |  4- 6 || total
---------------------------+-------+-------++-------
  Melee: War axe           |   123 |   136 ||   259
    Use: Scroll            |     3 |     2 ||     5
 Armour: Scale mail        |    67 |    76 ||   143
  Dodge: Dodged            |    69 |    49 ||   118
  Block: Buckler           |    25 |    13 ||    38
         Kite shield       |       |    24 ||    24

Table legend:
 A = Non-vault XP
 B = Vault XP
 C = Vault XP percentage of total XP
 D = Non-vault monster count
 E = Vault monster count
 F = Vault count percentage of total count
                 A         B        C        D         E       F
            +---------+---------+-------+---------+---------+-------
      Total |     200 |      37 |  15.6 |      64 |       2 |   3.0
            +---------+---------+-------+---------+---------+-------
        D:1 |      43 |       0 |   0.0 |      26 |       0 |   0.0
        D:2 |     122 |      35 |  22.3 |      19 |       1 |   5.0
        D:3 |      35 |       2 |   5.4 |      19 |       1 |   5.0
            +---------+---------+-------+---------+---------+-------
